 Dungeon Crawl Stone Soup version 0.31-a0-174-g85c54bcb58 (webtiles) character file.

Game seed: 9032768980570191925

39 qw the Shooter (level 3, -5/32 HPs)
             Began as a Naga Hunter on June 15, 2023.
             Killed from afar by Sigmund (6 damage)
             ... with a puff of flame
             ... on level 2 of the Dungeon.
             The game lasted 00:00:20 (1018 turns).

qw the Shooter (Naga Hunter)                        Turns: 1018, Time: 00:00:21

Health: -5/32      AC:  2    Str: 13    XL:     3   Next: 47%
Magic:  3/3        EV:  9    Int:  9    God:
Gold:   30         SH:  0    Dex: 16    Spells: 2/2 levels left

rFire   . . .        Y - +1 shortbow
rCold   . . .        (shield currently unavailable)
rNeg    . . .        c - +0 leather armour
rPois   +            (no helmet)
rElec   .            (no cloak)
rCorr   .            (no gloves)
SInv    +            (no barding)
Will    .....        (no amulet)
Stlth   ++           (no ring)
HPRegen 0.25/turn    (no ring)
MPRegen 0.08/turn

%: no passive effects
@: short of breath, very slow
A: AC +1, large, see invisible, deformed body, poison resistance, slowness 2,
spit poison 1, naga tail 1
a: Spit Poison


You were on level 2 of the Dungeon.
You visited 1 branch of the dungeon, and saw 2 of its levels.

You collected 30 gold pieces.


Innate Abilities, Weirdness & Mutations

Your serpentine skin is tough. (AC +1)
You have supernaturally acute eyesight. (SInv)
Armour fits poorly on your strangely shaped body.
Your system is resistant to poisons. (rPois)
You cover ground very slowly.
You can spit poison.
You have a snake-like lower body.


   Skills:
 - Level 2.0 Fighting
 + Level 4.7 Ranged Weapons
 - Level 1.5 Dodging
 - Level 1.5 Stealth


You had 2 spell levels left.
You didn't know any spells.
Your spell library was empty.

Inventory:

Hand Weapons
 Y - a +1 shortbow (weapon)
Armour
 c - a +0 leather armour (worn)
Jewellery
 e - a ring of fire
Potions
 d - a potion of brilliance {unknown}
 f - a potion of curing {unknown}

Dungeon Overview and Level Annotations

Branches:
Dungeon (2/15)

Altars:

Annotations:
D:2 Sigmund


Message History

The giant cockroach bites you but does no damage.
Sigmund hits you from afar with a +0 scythe.
The giant cockroach bites you but does no damage.
You have got your breath back.
The giant cockroach bites you but does no damage.
Sigmund points at you and mumbles some strange words.
You are more confused.
The giant cockroach barely misses you.
Sigmund looks more healthy.
Sigmund closely misses you. The giant cockroach bites you.
The giant cockroach bites you. Sigmund closely misses you.
The giant cockroach bites you. The giant cockroach closely misses you.
Sigmund hits you but does no damage. The giant cockroach barely misses you.
The giant cockroach bites you but does no damage.
Sigmund misses you. The giant cockroach barely misses you.
Sigmund points at you and mumbles some strange words.
The magic dart hits you! The giant cockroach closely misses you.
You feel less confused.
The giant cockroach bites you but does no damage.
Sigmund barely misses you.
1016 ||| INVOKING Spit Poison.
Aiming: Spit Poison (2% risk of failure)
Press: ? - help, Shift-Dir - straight line, f - giant cockroach, p - Sigmund The splash of poison hits the giant cockroach.
The giant cockroach is almost dead.
The giant cockroach closely misses you.
You shoot an arrow.
The arrow hits the giant cockroach but does no damage.
The giant cockroach is almost dead.
The giant cockroach bites you. Sigmund misses you.
The giant cockroach bites you but does no damage.
You shoot an arrow.
The arrow barely misses the giant cockroach.
The giant cockroach closely misses you.
Sigmund points at you and mumbles some strange words.
The puff of flame hits you!
Sigmund points at you and mumbles some strange words.
The puff of flame hits you.
You die...

#.. #.# # #.# .#
#.###.# ####.#...
...$.@# ##B..##
.# #..@..#...#
##.........
##.####.## #.#
#.# ... #.# #.#
##'## #.# ##...##
#.#### ##.....##
##...<###.......#


You could see Sigmund (invisible) and a giant cockroach.

Vanquished Creatures
  2 worms (D:2)
  5 ball pythons
  2 bats
  3 endoplasms
  3 giant cockroaches (D:1)
  2 goblins (D:1)
  4 hobgoblins (D:1)
  A quokka (D:1)
  3 kobolds (D:1)
  4 rats
29 creatures vanquished.

Notes
Turn   | Place    | Note
-------+----------+-------------------------------------------
     0 | D:1      | qw the Naga Hunter began the quest for the Orb.
     0 | D:1      | Reached XP level 1. HP: 19/19 MP: 1/1
     0 | D:1      | 0 ||| qw: Version: 0.2-a-29-g511e9b1
     0 | D:1      | 0 ||| qw: Game counter: 5600
     0 | D:1      | 0 ||| qw: Always use a shield: true
     0 | D:1      | 0 ||| qw: God list: Okawaru
     0 | D:1      | 0 ||| qw: Allow faded altars: false
     0 | D:1      | 0 ||| qw: Do Orc after D:15 true
     0 | D:1      | 0 ||| qw: Do second Lair branch before Depths: true
     0 | D:1      | 0 ||| qw: Lair rune preference: random
     0 | D:1      | 0 ||| qw: Plans: Normal
     0 | D:1      | 0 ||| PLANNING D:1-11
    32 | D:1      | 32 ||| INVOKING Spit Poison.
   186 | D:1      | 186 ||| INVOKING Spit Poison.
   216 | D:1      | Reached skill level 4 in Ranged Weapons
   216 | D:1      | Reached XP level 2. HP: 26/26 MP: 2/2
   232 | D:1      | 232 ||| INVOKING Spit Poison.
   235 | D:1      | 235 ||| INVOKING Spit Poison.
   266 | D:1      | 266 ||| INVOKING Spit Poison.
   272 | D:1      | 272 ||| INVOKING Spit Poison.
   329 | D:1      | 329 ||| INVOKING Spit Poison.
   330 | D:1      | 330 ||| INVOKING Spit Poison.
   436 | D:1      | Found a faded altar of an unknown god.
   476 | D:1      | 476 ||| INVOKING Spit Poison.
   480 | D:1      | 480 ||| INVOKING Spit Poison.
   580 | D:1      | 580 ||| INVOKING Spit Poison.
   582 | D:1      | Reached XP level 3. HP: 28/32 MP: 3/3
   813 | D:1      | 813 ||| INVOKING Spit Poison.
   814 | D:1      | 814 ||| INVOKING Spit Poison.
   875 | D:1      | 875 ||| READING scroll labelled JORPHIFUORGH.
   880 | D:1      | 880 ||| READING scroll labelled QUIROZ TIAB.
   881 | D:1      | 881 ||| READING scroll labelled TOFRE MEN RIFI.
   882 | D:1      | 882 ||| DROPPING scroll of butterflies.
   906 | D:2      | 906 ||| INVOKING Spit Poison.
   916 | D:2      | 916 ||| INVOKING Spit Poison.
   917 | D:2      | 917 ||| INVOKING Spit Poison.
   974 | D:2      | 974 ||| INVOKING Spit Poison.
   995 | D:2      | 995 ||| INVOKING Spit Poison.
  1000 | D:2      | Noticed Sigmund
  1001 | D:2      | 1001 ||| INVOKING Spit Poison.
  1014 | D:2      | HP: 8/32 [Sigmund/magic dart (7)]
  1016 | D:2      | 1016 ||| INVOKING Spit Poison.
  1018 | D:2      | HP: 1/32 [Sigmund/puff of flame (7)]
  1018 | D:2      | Killed from afar by Sigmund

Levels and vault maps discovered:
D:1:      minmay_arrival_stair_chambers, layout_loops_corners, serial_aquarium,
          aquarium_bridge_square [aquarium_subvault_bridge,
          aquarium_subvault_wall, aquarium_subvault_bridge,
          aquarium_subvault_bridge], aquarium_window_fake, aquarium_window_2,
          aquarium_window_2, aquarium_view_2b,
          hellmonk_ecumenical_altar_leap_of_faith, hex_medium
D:2:      layout_loops_corners, uniq_sigmund

Skill      XL: |  1 |
---------------+----+-----
Ranged Weapons | 4 |  4.7
Fighting       | |  2.0
Dodging        | |  1.5
Stealth        | |  1.5

Action                     || total
---------------------------++-------
   Fire: Shortbow          ||    47
Ability: Spit Poison       ||    17
    Use: Scroll            ||     3
 Armour: Leather armour    ||     8
  Dodge: Dodged            ||    18

Table legend:
 A = Non-vault XP
 B = Vault XP
 C = Vault XP percentage of total XP
 D = Non-vault monster count
 E = Vault monster count
 F = Vault count percentage of total count
                 A         B        C        D         E       F
            +---------+---------+-------+---------+---------+-------
      Total |      57 |       0 |   0.0 |      29 |       0 |   0.0
            +---------+---------+-------+---------+---------+-------
        D:1 |      40 |       0 |   0.0 |      22 |       0 |   0.0
        D:2 |      17 |       0 |   0.0 |       7 |       0 |   0.0
            +---------+---------+-------+---------+---------+-------
